 Dungeon Crawl Stone Soup version 0.27-a0-1591-gc56fcc985a (webtiles) character file.

Game seed: 18424684744676278036

578169 Sobieck the Wrestler (level 27, -8/196 HPs)
             Began as a Vine Stalker Monk on July 19, 2021.
             Was the Champion of Cheibriados.
             Mangled by a green draconian monk (12 damage)
             ... on level 1 of the Realm of Zot.
             The game lasted 03:08:37 (50880 turns).

Sobieck the Wrestler (Vine Stalker Monk)           Turns: 50880, Time: 03:08:38

Health: -8/196     AC: 32    Str: 34    XL:     27
Magic:  0/57       EV: 36    Int: 31    God:    Cheibriados [******]
Gold:   5919       SH: 24    Dex: 39    Spells: 38/48 levels left

rFire    + . .     SeeInvis .     - Unarmed
rCold    + . .     Faith    .   O - +0 kite shield of Unwamp {+Inv rElec rPois Regen+}
rNeg     + . .     Spirit   +   (armour currently unavailable)
rPois    ∞         Reflect  +   H - +2 hat
rElec    +         Harm     .   F - scarf {rC+ rF+}
rCorr    .         Rampage  .   (gloves currently unavailable)
Will     +++..                  (boots currently unavailable)
Stlth    ++++......             k - amulet of reflection
HPRegen  2.42/turn              d - ring of magical power
MPRegen  0.35/turn              l - ring "Denitai" {*Corrode Fly rPois MP+9 Dex+5}

@: statue-form, on berserk cooldown, flying, slowed, very slow
A: slow and powerful, torment resistance 1, boosted hp, fangs 3, regeneration 1,
magic shield, antimagic bite, no potion heal 2, antennae 1, clever 1, weak 1
}: 3/15 runes: decaying, silver, gossamer
a: End Transformation, Renounce Religion, Evoke Invisibility, Bend Time,
Temporal Distortion, Slouch, Step From Time


You were on level 1 of the Realm of Zot.
You worshipped Cheibriados.
Cheibriados was exalted by your worship.
You were a living statue of rough stone.
You visited 10 branches of the dungeon, and saw 46 of its levels.

You collected 7852 gold pieces.
You spent 1933 gold pieces at shops.


Innate Abilities, Weirdness & Mutations

You are a living statue of rough stone.
Your actions are slow, but your melee attacks are powerful.
You are resistant to unholy torment.
Your maximum health is greatly increased.
You are immune to poison.
Your equipment is partially melded.
You have razor-sharp teeth.
Your natural rate of healing is unusually fast.
When hurt, damage is shared between your health and your magic reserves.
Your bite disrupts and absorbs the magic of your enemies.
Potions cannot restore your health.
You have a pair of small antennae on your head.
Your mind is acute. (Int +2)
You are weak. (Str -2)


   Skills:
 + Level 18.0 Fighting
 - Level 4.0 Throwing
 - Level 8.0 Armour
 + Level 15.8 Dodging
 - Level 3.0 Stealth
 * Level 18.8 Shields
 + Level 21.5 Unarmed Combat
 - Level 11.0 Spellcasting
 - Level 5.0 Translocations
 - Level 12.0 Transmutations
 - Level 15.0 Earth Magic
 - Level 9.0 Invocations


You had 38 spell levels left.
You knew the following spells:

 Your Spells              Type           Power      Damage    Failure   Level
a - Statue Form           Tmut/Erth      52%        N/A       1%          6
b - Lesser Beckoning      Tloc           24%        N/A       1%          3
c - Apportation           Tloc           96%        N/A       1%          1

Your spell library contained the following spells:

 Spells                   Type           Power      Damage    Failure   Level
 Sting                    Tmut/Pois      100%       1d8       1%          1
 Wereblood                Tmut           75%        N/A       1%          2
 Gell's Gravitas          Tloc           24%        N/A       1%          3
 Ignite Poison            Fire/Tmut/Pois 41%        N/A       1%          3
 Spider Form              Tmut/Pois      26%        N/A       1%          3
 Stone Arrow              Conj/Erth      100%       3d13      1%          3
 Teleport Other           Tloc           48%        N/A       1%          3
 Animate Armour           Summ/Erth      100%       N/A       1%          4
 Leda's Liquefaction      Hex/Erth       29%        N/A       1%          4
 Petrify                  Tmut/Erth      79%        N/A       1%          4
 Blade Hands              Tmut           37%        N/A       1%          5
 Ice Form                 Ice/Tmut       53%        N/A       2%          4
 Animate Skeleton         Necr           34%        N/A       3%          1
 Corona                   Hex            18%        N/A       3%          1
 Magic Dart               Conj           68%        1d6       3%          1
 Pain                     Necr           68%        1d7       3%          1
 Shock                    Conj/Air       68%        1d7       3%          1
 Summon Small Mammal      Summ           68%        N/A       3%          1
 Portal Projectile        Hex/Tloc       64%        N/A       3%          3
 Passage of Golubria      Tloc           N/A        N/A       3%          4
 Borgnjor's Vile Clutch   Necr/Erth      29%        N/A       3%          5
 Ensorcelled Hibernation  Hex/Ice        34%        N/A       4%          2
 Searing Ray              Conj           34%        3d4       4%          2
 Slow                     Hex            17%        N/A       4%          2
 Static Discharge         Conj/Air       17%        N/A       4%          2
 Sublimation of Blood     Necr           8%         N/A       4%          2
 Alistair's Intoxication  Tmut/Pois      35%        N/A       7%          5
 Yara's Violent Unravell  Hex/Tmut       26%        3d11      7%          5
 Call Canine Familiar     Summ           17%        N/A       9%          3
 Confusing Touch          Hex            17%        N/A       9%          3
 Dazzling Flash           Conj/Hex       34%        N/A       9%          3
 Inner Flame              Hex/Fire       17%        N/A       9%          3
 Mephitic Cloud           Conj/Pois/Air  17%        N/A       9%          3
 Summon Guardian Golem    Hex/Summ       17%        N/A       9%          3
 Swiftness                Air            17%        N/A       9%          3
 Tukima's Dance           Hex            17%        N/A       9%          3
 Vampiric Draining        Necr           8%         2d7       9%          3
 Bolt of Magma            Conj/Fire/Erth 24%        4d12      11%         5
 Airstrike                Air            8%         N/A       28%         4
 Cause Fear               Hex            8%         N/A       28%         4
 Dispel Undead            Necr           17%        3d10      28%         4
 Fulminant Prism          Conj/Hex       8%         3d7       28%         4
 Hailstorm                Conj/Ice       17%        3d6       28%         4
 Sticky Flame             Conj/Fire      17%        2d4       28%         4
 Summon Ice Beast         Ice/Summ       17%        N/A       28%         4
 Summon Lightning Spire   Summ/Air       17%        N/A       28%         4
 Eringya's Noxious Bog    Tmut/Pois      26%        N/A       36%         6
 Agony                    Necr           17%        N/A       63%         5
 Excruciating Wounds      Necr           8%         N/A       63%         5
 Fireball                 Conj/Fire      8%         3d6       63%         5
 Freezing Cloud           Conj/Ice/Air   8%         6-21      63%         5
 Iskenderun's Battlesphe  Conj           17%        2d7       63%         5
 Lightning Bolt           Conj/Air       8%         1d21      63%         5
 Metabolic Englaciation   Hex/Ice        8%         N/A       63%         5
 Silence                  Hex/Air        8%         N/A       63%         5
 Summon Mana Viper        Hex/Summ       17%        N/A       63%         5
 Storm Form               Tmut/Air       26%        N/A       91%         7
 Conjure Ball Lightning   Conj/Air       8%         3x3d6     99%         6
 Death Channel            Necr           8%         N/A       99%         6
 Invisibility             Hex            8%         N/A       99%         6
 Shadow Creatures         Summ           N/A        N/A       99%         6
 Simulacrum               Ice/Necr       8%         N/A       99%         6
 Malign Gateway           Summ/Tloc      16%        N/A       100%        7
 Monstrous Menagerie      Summ           8%         N/A       100%        7
 Orb of Destruction       Conj           8%         9d4       100%        7
 Summon Hydra             Summ           8%         N/A       100%        7
 Borgnjor's Revivificati  Necr           8%         N/A       100%        8
 Discord                  Hex            8%         N/A       100%        8
 Disjunction              Tloc           24%        N/A       100%        8
 Lehudib's Crystal Spear  Conj/Erth      29%        10d8      100%        8
 Maxwell's Capacitive Co  Air            8%         ∞         100%        8
 Necromutation            Tmut/Necr      26%        N/A       100%        8
 Death's Door             Necr           8%         N/A       100%        9
 Polar Vortex             Ice            8%         N/A       100%        9

Inventory:

Missiles
 a - 13 silver boomerangs {throwing}
 g - 27 javelins {throwing}
 v - 57 boomerangs (quivered) {throwing}
 w - 5 boomerangs of dispersal {=f!fthrowing}
 V - 2 throwing nets {=f!fthrowing}
 X - 14 silver javelins {throwing}
Armour
 e - a +2 pair of gloves of dexterity (melded)
   (You bought it in a shop on level 1 of the Dungeon)
 j - a +2 robe of willpower (melded)
   (You took it off an orc sorcerer on level 2 of the Orcish Mines)
 s - a +0 tower shield of reflection
   (You took it off Louise on level 3 of the Elven Halls)
 F - a scarf of resistance (worn)
   (You found it on level 2 of the Spider Nest)
 H - a +2 hat (worn)
   (You found it on level 1 of the Orcish Mines)
 I - the +2 pair of boots "Cororon" (melded) {Fly rElec Str-3 Int+4}
   (You bought it in a shop on level 10 of the Dungeon)

   Str:       It affects your strength (-3).
   Int:       It affects your intelligence (+4).
   rElec:     It insulates you from electricity.
   Fly:       It grants you flight.
 O - the +0 kite shield of Unwamp (worn) {+Inv rElec rPois Regen+}
   (You took it off an orc warlord on level 15 of the Dungeon)

   rElec:     It insulates you from electricity.
   rPois:     It protects you from poison.
   +Inv:      It lets you turn invisible.
   Regen:     It increases your rate of health regeneration.
Jewellery
 d - a ring of magical power (left fist)
   (You found it on level 1 of the Dungeon)
 f - a ring of protection from cold
   (You took it off a deep elf master archer on level 3 of the Elven Halls)
 k - an amulet of reflection (around neck)
   (You found it on level 2 of the Dungeon)
 l - the ring "Denitai" (right fist) {*Corrode Fly rPois MP+9 Dex+5}
   (You took it off an orc on level 11 of the Dungeon)

   [ring of magical power]

   Dex:       It affects your dexterity (+5).
   rPois:     It protects you from poison.
   MP:        It affects your magic capacity (+9).
   Fly:       It grants you flight.
   *Corrode:  It may corrode you when you take damage.
 q - a ring of positive energy
   (You found it on level 4 of the Dungeon)
 A - the ring "Budojeed" {rC- rN+++ rCorr Int-2 SInv}
   (You found it on level 5 of the Vaults)

   [ring of see invisible]

   Int:       It affects your intelligence (-2).
   rC:        It makes you vulnerable to cold.
   rN:        It renders you almost immune to negative energy.
   SInv:      It lets you see invisible.
   rCorr:     It protects you from acid and corrosion.
 S - the ring of Lies {rF+ rCorr Dex+3}
   (You acquired it on level 12 of the Dungeon)

   [ring of resist corrosion]

   Dex:       It affects your dexterity (+3).
   rF:        It protects you from fire.
   rCorr:     It protects you from acid and corrosion.
Wands
 x - a wand of iceblast (57)
   (You found it on level 5 of the Dungeon)
 z - a wand of acid (26)
   (You found it on level 4 of the Swamp)
 M - a wand of digging (19)
   (You found it on level 6 of the Lair of Beasts)
 Y - a wand of mindburst (82)
   (You found it on level 14 of the Dungeon)
Scrolls
 b - 6 scrolls of silence {!r}
 i - a scroll of holy word
 m - 4 scrolls of vulnerability {!r!r}
 r - 34 scrolls of identify {@r1}
 y - 4 scrolls of fog
 C - 13 scrolls of immolation {!r!r}
 D - 23 scrolls of teleportation {@r4}
 Q - 10 scrolls of fear
 R - 4 scrolls of magic mapping {!r}
 U - 5 scrolls of enchant armour
 W - 10 scrolls of blinking {!r}
 Z - a scroll of summoning
Potions
 h - 4 potions of invisibility
 n - 6 potions of attraction {!q}
 o - 11 potions of lignification {!q}
 t - 22 potions of curing {@q1}
 B - 4 potions of brilliance
 E - 2 potions of magic
 J - 5 potions of resistance
 K - 2 potions of cancellation
 L - 3 potions of mutation {!q}
 N - 9 potions of might
 P - 6 potions of ambrosia
Miscellaneous
 p - a box of beasts
   (You found it on level 5 of the Lair of Beasts)
 G - a phantom mirror
   (You found it on level 3 of the Elven Halls)

Dungeon Overview and Level Annotations

Branches:
Dungeon (15/15)            Temple (1/1) D:6            Lair (6/6) D:11
  Swamp (4/4) Lair:3       Spider (4/4) Lair:2        Slime (0/5) Lair:6
    Orc (2/2) D:10            Elf (3/3) Orc:2        Vaults (5/5) D:14
  Crypt (0/3) Vaults:2     Depths (5/5) D:15            Zot (1/5) Depths:5

Altars:
Ashenzari
Cheibriados
Dithmenos
Elyvilon
Fedhas
Gozag
Hepliaklqana
Kikubaaqudgha
Makhleb
Nemelex Xobeh
Okawaru
Qazlal
Ru
Sif Muna
Trog
Uskayaw
Vehumet
Wu Jian
Xom
Yredelemnul
Zin
The Shining One
Beogh
Jiyva

Shops:
D:1 [   D:5 [   D:10 ([   D:11 ?   D:12 *(=   D:13 :   Orc:1 ***   Orc:2 *:*([
Vaults:4 !   Depths:4 =:=   Depths:5 *

Portals:
Hell: Depths:1 Depths:2 Depths:3 Depths:4 Depths:5
Abyss: Depths:1 Depths:2 Depths:3 Depths:4
Pandemonium: Orc:2 Depths:2 Depths:3
Ziggurat: Depths:5

Annotations:
Lair:6 1 runed translucent door
Elf:2 3 runed translucent doors
Vaults:2 1 transporter

.#... #........
..#..##.........
.#...#...?(.....
................
.......d........
#.....dddd......
#...DqDqd......
d#8ddd.....
##qd....#
#......d....)#
.#.............
.....#..^..(###
............#
............>.
... ...........
d..............


You could see a shadow dragon (catching breath), 2 draconians, a storm dragon, a
black draconian, a yellow draconian, 2 draconians, 2 draconians, 2 draconians, 3
draconians and a black draconian shifter.


Message History

The green draconian monk tail-slaps you but does no damage.
The green draconian monk tail-slaps you.
* * * LOW HITPOINT WARNING * * *
The tentacled monstrosity tentacle-slaps you but does no damage.
The tentacled monstrosity completely misses you.
The tentacled monstrosity tentacle-slaps you but does no damage.
The tentacled monstrosity grabs you.
* * * LOW HITPOINT WARNING * * *
The tentacled monstrosity constricts you.
The white draconian rages.
The moth of wrath misses you.
The black draconian completely misses you.
The green draconian monk misses you.
You block the green draconian monk's attack.
The green draconian monk tail-slaps you but does no damage.
The green draconian monk barely misses you. 😱 HP[+3] MP[+16]
You regained 3 hp, and now have 7/196 hp.
You regained 16 mp, and now have 17/57 mp.
Okay, then.
You squash the tentacled monstrosity like an ant!!!
You bite the tentacled monstrosity!!! You drain its power.
You feel invigorated.
The white draconian is no longer berserk.
You block the green draconian monk's attack.
The green draconian monk misses you.
You block the green draconian monk's attack. x2
The shadow dragon misses you. You block the shadow dragon's attack.
The shadow dragon claws you but does no damage.
The tentacled monstrosity misses you.
The tentacled monstrosity tentacle-slaps you but does no damage.
The tentacled monstrosity misses you.
The tentacled monstrosity constricts you.
You block the green draconian monk's attack.
The green draconian monk kicks you but does no damage.
The green draconian monk misses you.
The green draconian monk tail-slaps you but does no damage.
The moth of wrath completely misses you.
The moth of wrath goads the red draconian on!
The red draconian goes berserk!
The moth of wrath goads the green draconian on!
The green draconian goes berserk!
The green draconian monk hits you but does no damage.
The green draconian monk completely misses you. x2
The green draconian monk tail-slaps you but does no damage.
You block the black draconian's attack.
The shadow dragon breathes negative energy at you.
The bolt of negative energy misses you.
The tentacled monstrosity tentacle-slaps you but does no damage.
The tentacled monstrosity barely misses you.
You block the tentacled monstrosity's attack.
The tentacled monstrosity constricts you.
The green draconian monk barely misses you.
The green draconian monk kicks you but does no damage.
The green draconian monk tail-slaps you.
* * * LOW HITPOINT WARNING * * *
The green draconian monk closely misses you. 😱 HP[+2] MP[+39]
You regained 2 hp, and now have 9/196 hp.
You regained 39 mp, and now have 56/57 mp.
You can feel time thicken for a moment.
You kill the tentacled monstrosity!
Cheibriados appreciates the change of pace.
You kill the moth of wrath!
Cheibriados thoroughly appreciates the change of pace.
You destroy the death cob!
Cheibriados thoroughly appreciates the change of pace.
You kill the moth of wrath!
Cheibriados appreciates the change of pace.
The green draconian monk completely misses you.
The green draconian monk kicks you!!
* * * LOW HITPOINT WARNING * * *
You block the green draconian monk's attack. x2
The green draconian monk hits you!!
* * * LOW HITPOINT WARNING * * *
The green draconian monk closely misses you. x2
You block the green draconian monk's attack.
The green draconian monk hits you!
* * * LOW HITPOINT WARNING * * *
The green draconian monk completely misses you.
You block the green draconian monk's attack.
The green draconian monk closely misses you.
The black draconian completely misses you.
The purple draconian rages.
The white draconian completely misses you.
The green draconian monk completely misses you.
The green draconian monk kicks you but does no damage.
The green draconian monk tail-slaps you.
The green draconian monk tail-slaps you but does no damage.
You block the shadow dragon's attack. The shadow dragon barely misses you. x2
The green draconian misses you.
The green draconian monk hits you but does no damage.
The green draconian monk kicks you but does no damage.
You block the green draconian monk's attack.
The green draconian monk completely misses you.
The black draconian barely misses you. The white draconian closely misses you.
The shadow dragon misses you.
The shadow dragon completely misses you. x2
The green draconian monk hits you!!
You die...

Skill      XL: |  1  2  3  4  5  6  7  8  9 10 11 12 13 14 15 16 17 18 19 20 21 22 23 24 25 26 27 |
---------------+----------------------------------------------------------------------------------+-----
Stealth        | 3 |  3.0
Fighting       | 3 4 5 6 8 9 10 11 12 13 14 15 16 17 18 | 18.0
Dodging        | 3 4 5 6 8 9 10 11 12 13 14 15 | 15.8
Unarmed Combat | 4 5 6 8 10 12 14 15 16 17 18 19 20 21 | 21.5
Shields        | 2 4 7 9 10 12 14 15 17 18 | 18.8
Invocations    | 1 4 7 9 |  9.0
Armour         | 1 3 6 8 |  8.0
Transmutations | 3 4 7 9 11 12 | 12.0
Earth Magic    | 3 4 7 9 11 14 15 | 15.0
Spellcasting   | 3 6 8 9 10 11 | 11.0
Translocations | 3 4 5 |  5.0
Throwing       | 3 4 |  4.0

Action                   |  1- 3 |  4- 6 |  7- 9 | 10-12 | 13-15 | 16-18 | 19-21 | 22-24 | 25-27 || total
-------------------------+-------+-------+-------+-------+-------+-------+-------+-------+-------++-------
Melee: Unarmed           |   113 |    64 |   266 |   465 |  1162 |   580 |   703 |   923 |   474 ||  4750
       Bite              |    28 |    23 |    84 |   264 |   699 |   275 |   325 |   463 |   261 ||  2422
       Punch             |     1 |     1 |     6 |       |       |       |       |       |       ||     8
       Kick              |       |       |       |       |       |       |       |    22 |       ||    22
Throw: Stone             |    31 |    40 |       |       |       |       |       |       |       ||    71
       Boomerang         |       |       |    29 |    20 |    77 |    51 |   154 |    17 |     4 ||   352
 Cast: Statue Form       |       |       |       |       |       |    83 |   150 |    90 |    47 ||   370
       Lesser Beckoning  |       |       |       |       |       |    40 |    45 |     5 |     1 ||    91
       Apportation       |       |       |       |       |       |       |     4 |       |       ||     4
Invok: Bend Time         |       |       |       |       |     2 |       |       |       |       ||     2
       Slouch            |       |       |       |       |       |     2 |       |     1 |     9 ||    12
Evoke: Wand              |       |       |     3 |       |       |       |       |       |       ||     3
  Use: Scroll            |     5 |     2 |     8 |    15 |     6 |     6 |       |     3 |       ||    45
       Potion            |     1 |     2 |     1 |     2 |       |     3 |       |     3 |     1 ||    13
 Stab: Sleeping          |     4 |       |       |       |       |     3 |     3 |     9 |       ||    19
       Petrifying        |       |       |       |       |     2 |       |       |       |       ||     2
       Distracted        |       |       |       |       |       |     2 |     2 |     1 |       ||     5
       Invisible         |       |       |       |       |       |     1 |       |       |       ||     1
Armor: Robe              |     7 |       |       |       |       |    12 |     3 |     9 |    15 ||    46
       Ring mail         |    21 |     8 |    38 |       |       |       |       |       |       ||    67
       Skin              |       |     5 |    28 |       |       |   250 |   382 |   308 |   179 ||  1152
       Chain mail        |       |       |    10 |   110 |   259 |    36 |       |       |       ||   415
       Steam dragon scal |       |       |       |       |     3 |     2 |       |       |       ||     5
Dodge: Dodged            |    69 |    22 |   116 |   196 |   535 |   714 |   971 |  1356 |   914 ||  4893
Block: Other             |     2 |    15 |    42 |       |       |       |       |       |       ||    59
       Reflection        |       |       |     5 |    19 |     7 |    15 |   109 |    34 |    39 ||   228
       Buckler           |       |       |    34 |   245 |   604 |   632 |   616 |   489 |       ||  2620
       Kite shield       |       |       |       |       |       |       |       |   495 |   857 ||  1352

Levels and vault maps discovered:
D:1:      dpeg_arrival_snail, layout_loops_ring,
          dilly_ecumenical_altar_fadedgnrine, serial_shops, shop, minivault_24,
          chequers_serial_rivers_large_b, minivault_25
D:2:      layout_loops_ring, serial_bayou_pond_e, uniq_sigmund
D:3:      layout_basic, guppyfry_early_lair_pool
D:4:      layout_rooms, ashenzari_conservatory_becter, enter_ossuary_4,
          st_stairs_9, minmay_misc_feat_five
D:5:      layout_basic, serial_shops, shop
D:6:      layout_cave_pods, mainiacjoe_overflow_catwalk_spiral,
          nemelex_spade_bored_becter, minmay_temple_entry_offerings,
          minmay_ruined_shrine
D:7:      layout_gridville, minmay_ruffians
D:8:      layout_cave_pools, uniq_psyche, uniq_maurice
D:9:      layout_loops_ring, gammafunk_ghost_stat_death, minmay_between
D:10:     layout_loops_corners, orc_david_3, serial_bayou_ford_a
D:11:     layout_cross, dpeg_oklobed_lair, serial_shops,
          nicolae_inconvenience_store, chequers_serial_rivers_marsh,
          lightli_corner_chamber, uniq_fannar, uniq_nergalle, uniq_snorg,
          uniq_erica
D:12:     layout_cave_pools, serial_shops, kennysheep_mini, shop, shop
D:13:     layout_stronghold, serial_shops, shop_fountains
D:14:     layout_cave_pods, grunt_vaults_entry_tiered, nicolae_vehumet_radiance,
          nrook_guardian_serpent_double, uniq_azrael, uniq_nessos
D:15:     gammafunk_depths_entry_grave, layout_cave_pools,
          biasface_ghost_orc_armoury
Temple:   hc_temple_tempest_star
Lair:1:   layout_gridlike, lemuel_another_geyser, infiniplex_staircase_pool
Lair:2:   layout_cave_pods, spider_nest_entry_rubble, st_stairs_10,
          roderic_carrion_pond, infiniplex_staircase_pool_2, grunt_megastairs_4
Lair:3:   layout_regular_city, minmay_swamp_entry_swarm, basic_altar,
          minmay_stone_trees_small, uniq_gastronok, uniq_rupert
Lair:4:   layout_regular_city, serial_bayou_shore_a, grunt_megastairs_1,
          serial_bayou_shore_b, minmay_lair_oklob_chamber
Lair:5:   nzn_winding_woodlands_medium [nzn_winding_woodlands_5x5_checkerboard,
          nzn_winding_woodlands_5x15_garden,
          nzn_winding_woodlands_5x5_closed_star,
          nzn_winding_woodlands_5x5_three,
          nzn_winding_woodlands_center_pierced_h,
          nzn_winding_woodlands_5x5_perimeter, nzn_winding_woodlands_5x5_cross,
          nzn_winding_woodlands_5x15_zeroes, nzn_winding_woodlands_5x5_default],
          layout_layer_cave, uniq_kirke
Lair:6:   minmay_lair_end_frog_pond, layout_cave_pods, slime_altar_2,
          serial_bayou_shore_b, lemuel_fruit_fields
Swamp:1:  layout_basic_swamp, evilmike_swamp_ruin_rubble_2
Swamp:2:  layout_basic_swamp, evilmike_swamp_ruin_house_2, swamp_pool1
Swamp:3:  layout_falls_marsh, hangedman_swamp_cone
Swamp:4:  nzn_swamp_witches_coven, layout_basic_swamp
Spider:1: layout_spider_delve, nicolae_spider_checkerboard
Spider:2: layout_spider_delve, gammafunk_ghost_cemetery
Spider:3: layout_spider_delve
Spider:4: grunt_spider_rune_island
Orc:1:    layout_caves, basic_altar, gammafunk_ghost_berserking_beasts,
          serial_shops, shop, nicolae_specific_store, uniq_sonja
Orc:2:    pf_orc_diabolical, layout_diamond_mine, serial_shops, shop,
          gammafunk_ghost_split, guppyfry_library_mini
Elf:1:    elf_arrival_002, layout_gridlike, minmay_elf_crystal_heptagon,
          nicolae_elf_m_pinch, lemuel_upstairs_altar, uniq_nikola
Elf:2:    nicolae_elf_blades_crystal_corner, layout_loops_cross, moated_statue,
          uniq_donald
Elf:3:    minmay_elf_hall_quartered_circle, layout_loops_cross, uniq_louise
Vaults:1: nicolae_vaults_back_hallway, nicolae_vaults_fighting_squares,
          v_misc_2, nicolae_vaults_alarming, grunt_vaults_twisty, v_misc_10,
          v_alt_pattern_5, nicolae_vaults_specimen_jars,
          nicolae_vaults_three_branches, nicolae_vaults_little_squares_6,
          layout_vaults_omnigrid
Vaults:2: v_misc_28, minmay_crypt_entry_necro_gods, gammafunk_sealed_library,
          ontoclasm_vaults_ring_large, vaults_room_boxed,
          nicolae_vaults_little_squares_3, ontoclasm_vaults_ring_square,
          ontoclasm_vaults_pinch, v_rooms_4, vaults_mumra_minichess,
          ontoclasm_vaults_eye, vaults_room_octagon, v_rooms_3,
          vaults_dpeg_hooks, layout_vaults_maze
Vaults:3: hangedman_vaults_impose, vaults_mumra_lcd, v_misc_18,
          ontoclasm_vaults_ring_small, ontoclasm_vaults_ring_large,
          nicolae_vaults_windows_and_doors_thing, vaults_dpeg_ring, v_rooms_5,
          vaults_room_corners, hangedman_vaults_trim, st_check,
          nicolae_vaults_little_ls, hangedman_vaults_stream, vaults_room_pools,
          vaults_dpeg_cross, layout_vaults_omnibox, uniq_margery
Vaults:4: hangedman_vaults_unwind, vaults_room_corners, v_misc_26,
          vaults_room_large_hall, v_pattern_3, dpeg_vaults_monster_box,
          ontoclasm_vaults_shuriken, hangedman_vaults_capsules,
          vaults_dpeg_doors, nicolae_vaults_rhombus_5,
          grunt_vaults_hallway_short, nicolae_vaults_angled_halls,
          layout_vaults_chaotic_city, serial_shops, shop
Vaults:5: serial_shops
Depths:1: layout_cave_shapes, hell_entry, minmay_misc_feat_tower,
          abyss_entry_small_statue_room, kennysheep_small_spiral,
          minmay_microvault, hangedman_decor_cross_pass
Depths:2: evilmike_horseshoe, layout_cave_shapes, minmay_room_of_horrors,
          minmay_misc_feat_cross, hell_entry, pan_entry, uniq_sojobo, uniq_mara
Depths:3: cheibrodos_salmonella, layout_gridville, pan_entry,
          nicolae_ru_path_of_blood, abyss_entry_crystal, hell_entry,
          special_room [special_room_morgue], grunt_ministairs_3,
          kennysheep_decorative_pillar
Depths:4: minmay_inner_zag, layout_basic, grunt_hell_entry_dis_old, abyss_entry,
          infiniplex_staircase_zigzag_5, minmay_shop_grove, uniq_frederick
Depths:5: grunt_crosshair, layout_small_grid, enter_ziggurat_a, serial_shops,
          nicolae_lakefront_shop, hellmouth_1, nicolae_qazlal_eye_of_the_storm
Zot:1:    layout_onion_interference, bh_zot_lava_cross

Notes
Turn   | Place    | Note
-------+----------+-------------------------------------------
     0 | D:1      | Sobieck the Vine Stalker Monk began the quest for the Orb.
     0 | D:1      | Reached XP level 1. HP: 11/11 MP: 2/2
     0 | D:1      | magus.rc [v1.9.6]
   254 | D:2      | Reached XP level 2. HP: 15/16 MP: 3/3
   402 | D:1      | Found Woegur's Armour Boutique.
   704 | D:1      | Reached skill level 3 in Stealth
   835 | D:1      | You pick up a book of Stone and begin reading...
   835 | D:1      | You add the spells Leda's Liquefaction, Bolt of Magma and
                  | Statue Form to your library.
   922 | D:1      | Found a faded altar of an unknown god.
  1044 | D:1      | Reached XP level 3. HP: 18/19 MP: 4/4
  1456 | D:2      | Reached skill level 3 in Fighting
  1612 | D:2      | You pick up a book of Debilitation and begin reading...
  1612 | D:2      | You add the spells Slow, Vampiric Draining and Confusing
                  | Touch to your library.
  1955 | D:2      | Noticed Sigmund
  1966 | D:2      | HP: 4/20 [something (5)]
  1969 | D:2      | Killed Sigmund
  1970 | D:2      | Reached skill level 3 in Dodging
  1970 | D:2      | Reached skill level 4 in Unarmed Combat
  1970 | D:2      | Gained mutation: Your natural rate of healing is unusually
                  | fast. [Vine Stalker growth]
  1970 | D:2      | Reached XP level 4. HP: 4/25 MP: 5/5
  1970 | D:2      | Reached XP level 5. HP: 5/28 MP: 6/6
  2729 | D:3      | Noticed a sky beast
  2996 | D:3      | Killed a sky beast
  2997 | D:3      | Reached skill level 5 in Unarmed Combat
  2997 | D:3      | Reached XP level 6. HP: 33/33 MP: 7/7
  3277 | D:4      | Identified a scroll of acquirement
  3277 | D:4      | Acquired a manual of Unarmed Combat
  3298 | D:4      | Reached skill level 4 in Fighting
  3329 | D:4      | HP: 10/49 [killer bee (4)]
  3333 | D:4      | Reached skill level 6 in Unarmed Combat
  3333 | D:4      | Reached XP level 7. HP: 11/37 MP: 7/8
  3337 | D:4      | HP: 13/55 [killer bee (3)]
  3356 | D:4      | Reached skill level 4 in Dodging
  3361 | D:4      | You pick up a book of Dreams and begin reading...
  3361 | D:4      | You add the spells Ensorcelled Hibernation, Spider Form and
                  | Shadow Creatures to your library.
  3393 | D:4      | You add the spells Ignite Poison and Mephitic Cloud to your
                  | library.
  3444 | D:4      | Found a broken altar of Ashenzari.
  3462 | D:4      | Reached skill level 7 in Unarmed Combat
  3467 | D:4      | HP: 8/38 [poisoned by a killer bee]
  3472 | D:4      | HP: 3/38 [poisoned by a killer bee]
  3629 | D:5      | Entered Level 5 of the Dungeon
  3639 | D:5      | Reached skill level 8 in Unarmed Combat
  3639 | D:5      | Gained mutation: You have razor-sharp teeth. [Vine Stalker
                  | growth]
  3639 | D:5      | Reached XP level 8. HP: 39/42 MP: 9/9
  3814 | D:4      | Reached skill level 1 in Shields
  3887 | D:4      | Reached skill level 5 in Fighting
  4142 | D:5      | Reached skill level 9 in Unarmed Combat
  4196 | D:5      | Reached skill level 2 in Shields
  4204 | D:5      | You pick up a book of Debilitation and begin reading...
  4417 | D:5      | Reached skill level 5 in Dodging
  4462 | D:5      | You pick up a book of Displacement and begin reading...
  4462 | D:5      | You add the spells Lesser Beckoning, Gell's Gravitas and
                  | Teleport Other to your library.
  4495 | D:5      | Found Hageuschal's Armour Shop.
  4521 | D:5      | Reached skill level 10 in Unarmed Combat
  4521 | D:5      | Reached XP level 9. HP: 47/47 MP: 10/10
  4686 | D:6      | Found a staircase to the Ecumenical Temple.
  4904 | D:6      | Reached skill level 3 in Shields
  4916 | Temple   | Entered the Ecumenical Temple
  5021 | Temple   | Became a worshipper of Cheibriados the Contemplative
  5021 | Temple   | Reached * piety under Cheibriados
  5021 | Temple   | Reached ** piety under Cheibriados
  5049 | D:6      | You pick up a book of the Senses and begin reading...
  5049 | D:6      | You add the spells Dazzling Flash, Agony and Silence to
                  | your library.
  5181 | D:6      | Found a sparkling altar of Nemelex Xobeh.
  5300 | D:6      | Found an ancient bone altar of Kikubaaqudgha.
  5384 | D:5      | Bought a +3 chain mail of willpower for 371 gold pieces
  5444 | D:6      | Reached skill level 11 in Unarmed Combat
  5456 | D:6      | Found a bloodstained altar of Trog.
  5485 | D:6      | Found an opulent altar of Gozag.
  5496 | D:6      | Reached skill level 6 in Fighting
  5577 | D:6      | You pick up a book of Cantrips and begin reading...
  5577 | D:6      | You add the spells Corona, Animate Skeleton, Summon Small
                  | Mammal and Apportation to your library.
  5585 | D:6      | Learned a level 6 spell: Statue Form
  5827 | D:8      | Noticed a hornet
  5841 | D:8      | Killed a hornet
  5931 | D:7      | Reached skill level 4 in Shields
  5931 | D:7      | Reached skill level 12 in Unarmed Combat
  5936 | D:7      | Reached skill level 6 in Dodging
  5936 | D:7      | Reached XP level 10. HP: 53/53 MP: 11/11
  5992 | D:7      | Reached skill level 7 in Fighting
  6065 | D:7      | Reached *** piety under Cheibriados
  6167 | D:7      | You pick up a book of Air and begin reading...
  6167 | D:7      | You add the spells Shock, Swiftness and Airstrike to your
                  | library.
  6388 | D:7      | Reached skill level 7 in Dodging
  6515 | D:7      | Reached **** piety under Cheibriados
  6616 | D:7      | Reached skill level 8 in Fighting
  6770 | D:8      | Noticed Maurice
  6783 | D:8      | Killed Maurice
  6880 | D:8      | Reached skill level 8 in Dodging
  6882 | D:8      | Noticed Psyche
  6887 | D:8      | Killed Psyche
  6915 | D:8      | Reached skill level 1 in Invocations
  7138 | D:8      | Noticed a cyclops
  7144 | D:8      | Killed a cyclops
  7145 | D:8      | Reached skill level 1 in Armour
  7145 | D:8      | Reached XP level 11. HP: 60/60 MP: 13/13
  7318 | D:10     | Entered Level 10 of the Dungeon
  7368 | D:9      | Acquired 843 gold pieces
  7373 | D:9      | Reached skill level 1 in Transmutations
  7388 | D:9      | Reached skill level 1 in Earth Magic
  7439 | D:9      | Found a transporter.
  7440 | D:9      | Noticed muata's ghost (journeyman HuCj)
  7459 | D:9      | Found a transporter.
  7653 | D:9      | Reached ***** piety under Cheibriados
  7694 | D:9      | Reached skill level 2 in Invocations
  8157 | D:10     | Reached skill level 2 in Transmutations
  8157 | D:10     | Reached skill level 2 in Earth Magic
  8161 | D:10     | Reached skill level 2 in Armour
  8161 | D:10     | Reached skill level 13 in Unarmed Combat
  8299 | D:10     | Found Plog's Weapon Shoppe.
  8302 | D:10     | Found a staircase to the Orcish Mines.
  8312 | D:10     | Found Deggic's Armour Shoppe.
  8713 | D:10     | Noticed a two-headed ogre
  8719 | D:10     | Killed a two-headed ogre
  8735 | D:11     | Noticed a cyclops
  8741 | D:11     | Killed a cyclops
  8742 | D:11     | Reached skill level 3 in Invocations
  9079 | D:12     | Noticed a deep elf pyromancer
  9083 | D:12     | Killed a deep elf pyromancer
  9084 | D:12     | Reached skill level 3 in Earth Magic
  9088 | D:12     | Reached skill level 3 in Transmutations
  9092 | D:12     | Noticed a cyclops
  9098 | D:11     | Identified the ring "Denitai" {*Corrode Fly rPois MP+9
                  | Dex+5}
  9127 | D:12     | Found Fapp's Weapon Shoppe.
  9205 | D:11     | Noticed Fannar
  9205 | D:11     | Noticed Nergalle
  9213 | D:11     | Killed Fannar
  9217 | D:11     | Killed Nergalle
  9218 | D:11     | Reached skill level 3 in Armour
  9218 | D:11     | Reached skill level 14 in Unarmed Combat
  9292 | D:11     | Noticed a two-headed ogre
  9299 | D:11     | Killed a two-headed ogre
  9300 | D:11     | Reached skill level 9 in Fighting
  9300 | D:11     | Reached skill level 4 in Invocations
  9300 | D:11     | Reached XP level 12. HP: 66/66 MP: 16/16
  9341 | D:11     | Found Zigaissi's Magic Scroll Boutique.
  9357 | D:11     | Noticed Snorg
  9361 | D:11     | Noticed a boulder beetle
  9370 | D:11     | Killed Snorg
  9558 | D:11     | Found a staircase to the Lair.
  9567 | D:11     | Reached skill level 4 in Armour
  9603 | D:11     | Noticed Erica
  9612 | D:11     | Paralysed by something for 4 turns
  9625 | D:11     | Killed Erica
  9626 | D:11     | Reached skill level 5 in Invocations
  9780 | D:11     | Noticed a centaur warrior
  9780 | D:11     | Noticed a centaur warrior
  9948 | D:11     | Reached ****** piety under Cheibriados
  9964 | D:11     | Bought a scroll of enchant armour for 120 gold pieces
  9964 | D:11     | Bought a scroll of enchant armour for 120 gold pieces
 10047 | D:11     | Killed a boulder beetle
 10205 | D:12     | Noticed a two-headed ogre
 10210 | D:12     | Killed a two-headed ogre
 10219 | D:12     | Reached skill level 5 in Armour
 10222 | D:12     | Reached skill level 6 in Invocations
 10376 | D:12     | Noticed a boulder beetle
 10393 | D:12     | Killed a boulder beetle
 10413 | D:12     | Noticed a six-headed hydra
 10417 | D:12     | Reached skill level 10 in Fighting
 10422 | D:12     | Killed a six-headed hydra
 10433 | D:12     | Found Xinov's Assorted Antiques.
 10568 | D:12     | You add the spells Blade Hands, Conjure Ball Lightning and
                  | Maxwell's Capacitive Coupling to your library.
 10568 | D:12     | Got the Grimoire of the Hundredfold Wonders
 10578 | D:12     | Acquired the ring of Lies {rF+ rCorr Dex+3}
 10717 | D:12     | Found Siokk's Jewellery Shoppe.
 10754 | D:12     | Bought a ring of see invisible for 195 gold pieces
 10866 | D:15     | Entered Level 15 of the Dungeon
 10866 | D:15     | Noticed a centaur warrior
 10877 | D:14     | Killed a centaur warrior
 10878 | D:14     | Reached skill level 7 in Invocations
 10890 | D:14     | Reached skill level 6 in Armour
 10904 | D:14     | Reached XP level 13. HP: 72/72 MP: 19/19
 11056 | D:14     | Reached skill level 8 in Invocations
 11156 | D:14     | You pick up a book of Blood and begin reading...
 11156 | D:14     | You add the spells Sublimation of Blood, Wereblood and
                  | Summon Hydra to your library.
 11191 | D:14     | Found a radiant altar of Vehumet.
 11441 | D:13     | Found Ejeotz's Book Shoppe.
 12218 | Lair:1   | Entered Level 1 of the Lair of Beasts
 12445 | Lair:1   | Reached skill level 7 in Armour
 12491 | Lair:1   | Reached skill level 11 in Fighting
 13036 | Lair:2   | Reached skill level 9 in Invocations
 13463 | D:1      | Bought a +2 pair of gloves of dexterity for 236 gold pieces
 13645 | D:10     | Bought the +2 pair of boots "Cororon" {Fly rElec Str-3
                  | Int+4} for 555 gold pieces
 13755 | Lair:2   | Reached skill level 8 in Armour
 13755 | Lair:2   | Reached skill level 1 in Spellcasting
 13801 | Lair:2   | You pick up a book of the Spheres and begin reading...
 13801 | Lair:2   | You add the spells Iskenderun's Battlesphere, Fireball and
                  | Orb of Destruction to your library.
 13964 | Lair:2   | Found a hole to the Spider Nest.
 14151 | Lair:2   | Reached skill level 2 in Spellcasting
 14510 | Lair:3   | Reached skill level 4 in Earth Magic
 14511 | Lair:3   | Reached skill level 4 in Transmutations
 14554 | Lair:3   | Noticed Gastronok
 14583 | Lair:3   | Killed Gastronok
 14584 | Lair:3   | Reached skill level 3 in Spellcasting
 14584 | Lair:3   | Reached XP level 14. HP: 79/79 MP: 21/21
 14840 | Lair:3   | Noticed Rupert
 14865 | Lair:3   | Killed Rupert
 14973 | Lair:3   | Found a staircase to the Swamp.
 14980 | Lair:3   | Reached skill level 5 in Earth Magic
 15049 | Lair:3   | Found a glowing silver altar of Zin.
 15121 | Lair:3   | Reached skill level 5 in Transmutations
 15440 | Lair:4   | Reached skill level 4 in Spellcasting
 15770 | Lair:4   | You pick up a book of Callings and begin reading...
 15770 | Lair:4   | You add the spells Call Canine Familiar and Summon Guardian
                  | Golem to your library.
 15908 | Lair:4   | Identified the +0 scale mail "Kiax" {MP+9}
 16188 | Lair:4   | Reached skill level 6 in Transmutations
 16188 | Lair:4   | Reached skill level 6 in Earth Magic
 16194 | Lair:4   | Reached skill level 5 in Spellcasting
 16256 | Lair:4   | Identified the +4 battleaxe of the Morning {vorpal, *Rage
                  | rElec rPois rN+}
 16631 | Lair:5   | Reached skill level 15 in Unarmed Combat
 16868 | Lair:5   | You are sucked into a shaft and drop 1 floor!
 16868 | Lair:6   | Entered Level 6 of the Lair of Beasts
 16961 | Lair:6   | Reached skill level 6 in Spellcasting
 17026 | Lair:6   | Found a runed translucent door.
 17027 | Lair:6   | Found a viscous altar of Jiyva.
 17027 | Lair:6   | Noticed an azure jelly
 17036 | Lair:6   | Reached skill level 7 in Transmutations
 17036 | Lair:6   | Reached skill level 7 in Earth Magic
 17065 | Lair:6   | Reached XP level 15. HP: 82/82 MP: 25/25
 17136 | Lair:5   | Noticed Kirke
 17149 | Lair:5   | Killed Kirke
 17646 | Lair:5   | Reached skill level 7 in Spellcasting
 18249 | Lair:6   | Reached skill level 8 in Transmutations
 18332 | Lair:6   | Reached skill level 8 in Earth Magic
 18353 | Lair:6   | Found the +7 sceptre of Torment {pain, torment}
 18372 | Lair:6   | You add the spells Fulminant Prism and Malign Gateway to
                  | your library.
 18372 | Lair:6   | Got the Tome of the Enthralling Traveller
 18992 | Lair:6   | Found a staircase to the Slime Pits.
 19140 | Orc:1    | Entered Level 1 of the Orcish Mines
 19140 | Orc:1    | Noticed Sonja
 19261 | Orc:1    | Killed Sonja
 19320 | Orc:1    | Found Eklar's General Store.
 19322 | Orc:2    | Entered Level 2 of the Orcish Mines
 19414 | Orc:1    | Found Amov's Assorted Antiques.
 19442 | Orc:1    | Found Honlon's Specific Store.
 19490 | Orc:1    | Found a transporter.
 19496 | Orc:1    | Noticed Persephone's ghost (journeyman MiBe)
 19539 | Orc:1    | Found a transporter.
 19662 | Orc:2    | Found a runed translucent gate.
 19662 | Orc:2    | Found a runed translucent gate.
 19662 | Orc:2    | Found a runed translucent gate.
 19662 | Orc:2    | Noticed Drazool's ghost (journeyman DjWz)
 19709 | Orc:2    | Noticed an orc warlord
 19829 | Orc:2    | Found a staircase to the Elven Halls.
 20189 | Orc:2    | Found Wuaxua's Armour Boutique.
 20340 | Orc:2    | Found Xeruxt's General Store.
 20383 | Orc:2    | Found Henk's General Store.
 20758 | Orc:2    | Reached skill level 8 in Spellcasting
 20821 | Orc:2    | Reached skill level 16 in Unarmed Combat
 20827 | Orc:2    | Reached skill level 9 in Transmutations
 20837 | Orc:2    | Found Zaekhluar's Antique Weapon Shop.
 20837 | Orc:2    | Found Esikhlaxi's Book Boutique.
 20838 | Orc:2    | Found a one-way gate leading to the halls of Pandemonium.
 20871 | Orc:2    | Bought a scroll of enchant armour for 112 gold pieces
 20871 | Orc:2    | Bought a scroll of blinking for 112 gold pieces
 20871 | Orc:2    | Bought a scroll of blinking for 112 gold pieces
 21228 | D:14     | Reached skill level 9 in Earth Magic
 21302 | D:14     | Reached XP level 16. HP: 87/87 MP: 29/29
 21333 | D:14     | You pick up a book of Storms and begin reading...
 21333 | D:14     | You add the spells Summon Lightning Spire and Lightning
                  | Bolt to your library.
 21345 | D:14     | Found a gate to the Vaults.
 21392 | D:14     | You pick up a book of Pain and begin reading...
 21392 | D:14     | You add the spells Pain and Excruciating Wounds to your
                  | library.
 21488 | D:14     | Noticed Nessos
 21495 | D:14     | Killed Nessos
 21602 | D:14     | Noticed Azrael
 21631 | D:14     | Killed Azrael
 22267 | D:14     | Reached skill level 9 in Spellcasting
 22475 | D:15     | You add the spells Alistair's Intoxication, Borgnjor's Vile
                  | Clutch and Eringya's Noxious Bog to your library.
 22488 | D:15     | Found a staircase to the Depths.
 22551 | D:15     | Found a runed translucent gate.
 22552 | D:15     | Found a runed translucent gate.
 22552 | D:15     | Noticed CowFu's ghost (journeyman MiBe)
 22553 | D:15     | Found a runed translucent gate.
 22553 | D:15     | Identified the +0 plate armour "Idghoude" {rElec}
 22553 | D:15     | Identified the +0 kite shield of Unwamp {+Inv rElec rPois
                  | Regen+}
 22674 | D:15     | Identified the +7 falchion "Dragonbane" {vorpal, SInv}
 22939 | Orc:2    | Identified a potion of experience
 23052 | Orc:2    | Killed Drazool's ghost
 23175 | Orc:2    | Reached skill level 17 in Unarmed Combat
 23175 | Orc:2    | Reached XP level 17. HP: 91/91 MP: 31/31
 23277 | Spider:1 | Entered Level 1 of the Spider Nest
 23293 | Spider:1 | Reached skill level 10 in Transmutations
 23308 | Spider:1 | Reached skill level 10 in Earth Magic
 23492 | Spider:1 | Upgraded the game from 0.27-a0-1590-g15f69828bf to
                  | 0.27-a0-1591-gc56fcc985a
 23492 | Spider:1 | magus.rc [v1.9.6]
 23588 | Spider:1 | You pick up a book of Conjurations {@e2} and begin
                  | reading...
 23588 | Spider:1 | You add the spells Magic Dart and Searing Ray to your
                  | library.
 24033 | Spider:1 | Reached skill level 10 in Spellcasting
 24104 | Spider:2 | Found a runed translucent gate.
 24105 | Spider:2 | Found a runed translucent gate.
 24118 | Spider:2 | Found a runed translucent gate.
 24119 | Spider:2 | Noticed Aviun's ghost (adept SpEn)
 24120 | Spider:2 | Noticed Quebbil's ghost (journeyman GrFi)
 24261 | Spider:2 | Learned a level 3 spell: Lesser Beckoning
 24490 | Spider:2 | Found the +8 glaive of the Guard {elec, spectral, AC+5}
 24506 | Spider:2 | magus.rc [v1.9.6]
 24560 | Spider:3 | Reached skill level 11 in Transmutations
 24563 | Spider:3 | Reached skill level 11 in Earth Magic
 24582 | Spider:3 | HP: 18/91 [wolf spider (5)]
 24589 | Spider:3 | HP: 20/91 [redback (3)]
 24662 | Spider:3 | Reached XP level 18. HP: 96/96 MP: 33/33
 25418 | Spider:4 | Entered Level 4 of the Spider Nest
 25441 | Spider:4 | Reached skill level 11 in Spellcasting
 25515 | Spider:4 | Reached skill level 1 in Translocations
 25941 | Spider:4 | Reached skill level 2 in Translocations
 26217 | Spider:4 | Reached skill level 3 in Translocations
 26347 | Spider:4 | Reached skill level 12 in Transmutations
 26347 | Spider:4 | Reached skill level 12 in Earth Magic
 26409 | Spider:4 | You pick up a book of Conjurations {@e2} and begin
                  | reading...
 27123 | Spider:4 | Reached skill level 13 in Earth Magic
 27135 | Spider:4 | Got a gossamer rune of Zot
 27392 | Elf:1    | Entered Level 1 of the Elven Halls
 27434 | Elf:1    | Noticed Nikola
 27440 | Elf:1    | Killed Nikola
 27506 | Elf:1    | Paralysed by an air elemental for 1 turns
 27537 | Elf:1    | Reached skill level 14 in Earth Magic
 27566 | Elf:1    | You pick up a book of Conjurations {@e2} and begin
                  | reading...
 27572 | Elf:1    | You pick up a book of Hexes and begin reading...
 27572 | Elf:1    | You add the spells Inner Flame, Cause Fear and Discord to
                  | your library.
 27666 | Elf:1    | Reached XP level 19. HP: 100/100 MP: 35/35
 28221 | Elf:1    | You pick up a book of Stone and begin reading...
 28848 | Elf:1    | Found an ancient bone altar of Kikubaaqudgha.
 28923 | Elf:2    | You pick up a book of Pain and begin reading...
 28933 | Elf:2    | You pick up a book of Weapons and begin reading...
 28991 | Elf:2    | Reached skill level 5 in Shields
 29013 | Elf:2    | Found a runed translucent gate.
 29014 | Elf:2    | Found a runed translucent gate.
 29014 | Elf:2    | Found a runed translucent gate.
 29211 | Elf:3    | Entered Level 3 of the Elven Halls
 29215 | Elf:3    | Paralysed by an air elemental for 1 turns
 29225 | Elf:3    | Noticed an Ice Fiend
 29295 | Elf:3    | Identified the +9 quarterstaff of Judgement {freeze, rF+
                  | Dex+4 SInv}
 29482 | Elf:3    | Reached skill level 15 in Earth Magic
 29540 | Elf:3    | Reached skill level 9 in Dodging
 29556 | Elf:3    | Reached skill level 6 in Shields
 29566 | Elf:3    | Identified the ring "Gygecsem" {rF+ Int+3}
 29690 | Elf:3    | Noticed Louise
 29701 | Elf:3    | Killed Louise
 29743 | Elf:3    | Reached skill level 12 in Fighting
 29843 | Elf:3    | Reached skill level 7 in Shields
 30078 | Elf:3    | Paralysed by an air elemental for 1 turns
 30161 | Elf:2    | Reached skill level 4 in Translocations
 30242 | Elf:2    | Reached XP level 20. HP: 107/107 MP: 36/36
 30332 | Elf:3    | You pick up a book of Ice and begin reading...
 30332 | Elf:3    | You add the spells Freezing Cloud, Simulacrum and Polar
                  | Vortex to your library.
 30777 | Elf:3    | Identified the +3 buckler of Fortification {Str+6}
 30790 | Elf:3    | Reached skill level 10 in Dodging
 30790 | Elf:3    | Reached skill level 5 in Translocations
 30825 | Elf:3    | Noticed a Tzitzimitl
 30840 | Elf:3    | Identified the +4 scale mail of Sin {Str-4 Int+5}
 30858 | Elf:3    | Identified the +2 robe of Decompression {*Corrode +Blink
                  | rC+ rN+}
 30866 | Elf:3    | Identified the +3 halberd "Igis" {vorpal, rElec}
 30871 | Elf:3    | Identified the +5 hand axe of Gallantry {vorpal, rElec
                  | rCorr Int+2}
 30894 | Elf:3    | Identified the +3 hand axe "Paob" {vorpal, *Slow +Blink
                  | rElec}
 31011 | Elf:3    | Reached skill level 8 in Shields
 31570 | Swamp:1  | Entered Level 1 of the Swamp
 32023 | Swamp:1  | You pick up a book of Maledictions and begin reading...
 32175 | Swamp:1  | magus.rc [v1.9.6]
 32549 | Swamp:2  | Reached skill level 1 in Throwing
 32948 | Swamp:3  | Reached skill level 13 in Fighting
 33006 | Swamp:3  | Reached skill level 2 in Throwing
 33328 | Swamp:3  | Identified the +7 hand axe of Wyrd {vorpal, *Rage rF++
                  | Will+ SInv}
 33481 | Swamp:4  | Entered Level 4 of the Swamp
 33556 | Swamp:4  | Reached skill level 9 in Shields
 33599 | Swamp:3  | Reached skill level 3 in Throwing
 33743 | Swamp:4  | Reached XP level 21. HP: 113/113 MP: 37/37
 33981 | Swamp:4  | Reached skill level 11 in Dodging
 33984 | Swamp:4  | Reached skill level 4 in Throwing
 34093 | Swamp:4  | Got a decaying rune of Zot
 34114 | Swamp:4  | You pick up a book of Beasts and begin reading...
 34114 | Swamp:4  | You add the spells Summon Ice Beast, Summon Mana Viper and
                  | Monstrous Menagerie to your library.
 34418 | Vaults:1 | Entered Level 1 of the Vaults
 34837 | Vaults:1 | Reached skill level 10 in Shields
 34856 | Vaults:1 | Reached skill level 18 in Unarmed Combat
 35191 | Vaults:1 | Learned a level 1 spell: Apportation
 35602 | Vaults:1 | Reached skill level 14 in Fighting
 36524 | Vaults:2 | Reached XP level 22. HP: 120/120 MP: 38/38
 36582 | Vaults:2 | Reached skill level 12 in Dodging
 36767 | Vaults:2 | Found a staircase to the Crypt.
 36767 | Vaults:2 | Found a basalt altar of Yredelemnul.
 36768 | Vaults:2 | Found an ancient bone altar of Kikubaaqudgha.
 36874 | Vaults:2 | Found a radiant altar of Vehumet.
 36878 | Vaults:2 | Found a transporter.
 37046 | Vaults:2 | Reached skill level 11 in Shields
 37851 | D:9      | Gained mutation: You sometimes lose the ability to read
                  | scrolls when taking damage. [a neqoxec]
 37854 | D:9      | Killed muata's ghost
 37879 | D:9      | Lost mutation: You sometimes lose the ability to read
                  | scrolls when taking damage. [potion of mutation]
 37879 | D:9      | Gained mutation: Your body sometimes deteriorates upon
                  | taking damage. [potion of mutation]
 37879 | D:9      | Gained mutation: You have a pair of small antennae on your
                  | head. [potion of mutation]
 37879 | D:9      | Gained mutation: You have sharp toenails. [potion of
                  | mutation]
 38008 | D:15     | Killed CowFu's ghost
 38439 | Orc:1    | Killed Persephone's ghost
 38513 | Orc:1    | Lost mutation: You have a pair of small antennae on your
                  | head. [potion of mutation]
 38513 | Orc:1    | Gained mutation: You have a pair of small antennae on your
                  | head. [potion of mutation]
 38513 | Orc:1    | Gained mutation: You are dopey. (Int -2) [potion of
                  | mutation]
 38681 | Spider:2 | Killed Aviun's ghost
 38686 | Spider:2 | Killed Quebbil's ghost
 38703 | Spider:2 | You pick up a book of Beasts and begin reading...
 38726 | Spider:2 | Lost mutation: Your body sometimes deteriorates upon taking
                  | damage. [potion of mutation]
 38726 | Spider:2 | Lost mutation: You have sharp toenails. [potion of
                  | mutation]
 38726 | Spider:2 | Lost mutation: You are dopey. (Int -2) [potion of mutation]
 38726 | Spider:2 | Gained mutation: Your mind is acute. (Int +2) [potion of
                  | mutation]
 38730 | Spider:2 | magus.rc [v1.9.6]
 39992 | Vaults:3 | Reached skill level 12 in Shields
 40054 | Vaults:3 | Noticed Margery
 40060 | Vaults:3 | Killed Margery
 40094 | Vaults:3 | Reached skill level 19 in Unarmed Combat
 40278 | Vaults:3 | Reached skill level 15 in Fighting
 40278 | Vaults:3 | You are sucked into a shaft and drop 1 floor!
 40347 | Vaults:3 | Reached XP level 23. HP: 126/126 MP: 39/39
 41226 | Vaults:4 | Reached skill level 13 in Dodging
 41226 | Vaults:4 | Reached skill level 13 in Shields
 41421 | Vaults:4 | Found Gelosu Nakh's Distillery.
 41435 | Vaults:4 | +0 shadow dragon scales {rare}; a shadow dragon corpse
 41461 | Vaults:4 | You pick up a book of Chaos and begin reading...
 42373 | Depths:1 | Entered Level 1 of the Depths
 42763 | Depths:1 | Reached skill level 14 in Shields
 42823 | Depths:1 | Found a gateway to Hell.
 43079 | Depths:1 | Found a one-way gate to the infinite horrors of the Abyss.
 43205 | Depths:1 | Identified the +9 longbow of the Land of Plenty {vorpal,
                  | rN+ Stlth+}
 43609 | Depths:1 | Reached XP level 24. HP: 133/133 MP: 39/39
 43610 | Depths:2 | Noticed Mara
 43652 | Depths:2 | Noticed Sobieck's illusion
 43919 | Depths:2 | Killed Mara
 44570 | Depths:2 | Reached skill level 16 in Fighting
 44657 | Depths:2 | Reached skill level 15 in Shields
 44753 | Depths:2 | Reached skill level 20 in Unarmed Combat
 44803 | Depths:2 | Reached skill level 14 in Dodging
 44813 | Depths:2 | +0 shadow dragon scales {rare}; a shadow dragon corpse
 44886 | Depths:2 | Noticed Sojobo
 44899 | Depths:2 | Killed Sojobo
 45149 | Depths:3 | You pick up a book of Displacement and begin reading...
 45188 | Depths:3 | Found a sacrificial altar of Ru.
 45727 | Depths:4 | You pick up a book of Sloth and begin reading...
 45727 | Depths:4 | You add the spells Petrify and Metabolic Englaciation to
                  | your library.
 45790 | Depths:4 | c - a +6 quick blade {shortrare=g}
 45840 | Depths:3 | You drop a +6 quick blade {shortrare=g}.
 45949 | Depths:4 | Found Lafroir's Jewellery Shoppe.
 45950 | Depths:4 | Found Puluock's Book Boutique.
 45951 | Depths:4 | Found Lunot's Jewellery Shoppe.
 45955 | Depths:4 | Gained mutation: You are weak. (Str -2) [a shining eye]
 46003 | Depths:4 | Noticed Frederick
 46036 | Depths:4 | Reached XP level 25. HP: 139/139 MP: 39/39
 46058 | Depths:4 | Killed Frederick
 46096 | Depths:3 | Got Egetzif's Compendium of Moulding and Ignition
 46174 | Depths:3 | Reached skill level 16 in Shields
 46317 | Depths:3 | You add the spells Passage of Golubria and Yara's Violent
                  | Unravelling to your library.
 46321 | Depths:3 | You add the spells Sting and Storm Form to your library.
 46321 | Depths:3 | Got the Incunabulum of Mutagenic Lightness
 46388 | Depths:3 | Noticed an ancient lich
 46407 | Depths:3 | Killed an ancient lich
 46421 | Depths:3 | You add the spells Dispel Undead and Death Channel to your
                  | library.
 46421 | Depths:3 | Got the Handbook of Dark Rituals
 47149 | Depths:4 | a +0 troll leather armour; quicksilver dragon scales {rare}
 47299 | Depths:5 | Entered Level 5 of the Depths
 47553 | Depths:5 | Found a gateway to a ziggurat.
 47743 | Depths:5 | Reached skill level 17 in Fighting
 47762 | Depths:5 | Reached skill level 17 in Shields
 47762 | Depths:5 | Found a gate to the Realm of Zot.
 47793 | Depths:5 | Identified +0 gold dragon scales
 47800 | Depths:5 | Reached skill level 15 in Dodging
 47800 | Depths:5 | Reached XP level 26. HP: 145/145 MP: 39/39
 47907 | Depths:5 | Found Veblauwk's Assorted Antiques.
 48137 | Depths:5 | a +1 great sword of flaming {long}; +0 gold dragon scales
                  | {rare}
 48202 | Depths:5 | Found a stormy altar of Qazlal.
 48441 | Depths:5 | a +1 great sword of flaming {long}; +0 gold dragon scales
                  | {rare}
 48528 | Depths:3 | c - a +6 quick blade {shortrare=g}
 48716 | Vaults:5 | Entered Level 5 of the Vaults
 48720 | Vaults:5 | Reached skill level 21 in Unarmed Combat
 48887 | Vaults:4 | Reached skill level 18 in Shields
 48937 | Vaults:5 | Noticed an ancient lich
 48948 | Vaults:4 | Killed an ancient lich
 49032 | Vaults:5 | a tengu reaver comes into view. It is wielding the +5 sword
                  | of Power {vorpal} and wearing a +3 scale mail of cold
                  | resistance.
 49145 | Vaults:3 | You drop a +6 quick blade {shortrare=g}.
 49228 | Vaults:5 | Identified the ring of the Jumping Madman {rC- Int+5 Dex+2
                  | SInv}
 49252 | Vaults:5 | Identified the ring "Budojeed" {rC- rN+++ rCorr Int-2 SInv}
 49375 | Vaults:5 | You pick up a book of Stone and begin reading...
 49388 | Vaults:5 | You pick up a book of Armaments and begin reading...
 49388 | Vaults:5 | You add the spells Stone Arrow, Animate Armour and
                  | Lehudib's Crystal Spear to your library.
 49562 | Vaults:5 | You add the spells Borgnjor's Revivification, Necromutation
                  | and Death's Door to your library.
 49589 | Vaults:5 | Got the Handbook of the Entourage and Hexes
 49764 | Vaults:5 | Identified the +2 scimitar "Soawned" {elec, rC+ Int-2
                  | Dex+5}
 49817 | Vaults:5 | Noticed an ancient lich
 49825 | Vaults:5 | Killed an ancient lich
 49827 | Vaults:5 | Reached XP level 27. HP: 73/151 MP: 28/39
 50009 | Vaults:5 | You pick up a book of Touch and begin reading...
 50261 | Vaults:5 | You pick up a book of the Tundra and begin reading...
 50261 | Vaults:5 | You add the spells Hailstorm and Ice Form to your library.
 50263 | Vaults:5 | Got a silver rune of Zot
 50266 | Vaults:5 | Identified the +5 rapier of Deformation {vorpal, rF+}
 50269 | Vaults:5 | Identified the +10 shortbow of the Pure Spines {vorpal,
                  | Str+5 Dex+4}
 50277 | Vaults:5 | Identified the +3 ring mail "Vuguhewi" {Regen+ Dex+2}
 50726 | Depths:5 | +0 gold dragon scales {rare}; a +1 great sword of flaming
                  | {long}
 50733 | Zot:1    | Entered Level 1 of the Realm of Zot
 50871 | Zot:1    | Identified +0 gold dragon scales
 50876 | Zot:1    | Reached skill level 18 in Fighting
 50877 | Zot:1    | HP: 37/196 [green draconian monk (15)]
 50877 | Zot:1    | HP: 15/196 [green draconian monk (4)]
 50877 | Zot:1    | HP: 4/196 [green draconian monk (11)]
 50880 | Zot:1    | Mangled by a green draconian monk

Vanquished Creatures
  3 ancient liches
  Mara (Depths:2)
  Sojobo (Depths:2)
  Frederick (Depths:4)
  Margery (Vaults:3)
  Nikola (Elf:1)
  2 golden dragons
  A bone dragon (Depths:5)
  9 tentacled monstrosities
  Rupert (Lair:3)
  4 liches
  2 deep elf blademasters (Elf:3)
  3 deep elf master archers (Elf:3)
  A quicksilver dragon (Depths:4)
  6 titans
  Kirke (Lair:5)
  Gastronok (Lair:3)
  3 sphinxes
  3 death cobs
  9 storm dragons
  2 thorn hunters
  9 shadow dragons
  9 tengu reavers
  5 fenstrider witches (Swamp:4)
  7 fire giants
  5 ghost moths
  8 deep elf sorcerers
  14 vault wardens
  8 frost giants
  Louise (Elf:3)
  The ghost of Drazool the Thaumaturge, a journeyman DjWz of Ashenzari (Orc:2)
  5 orc warlords
  A ghoul (Swamp:4)
  A draconian shifter (Depths:5)
  An iron dragon (Vaults:4)
  The ghost of Aviun the Unseen, an adept SpEn of Kikubaaqudgha (Spider:2)
  A draconian annihilator (Depths:5)
  The ghost of Quebbil the Bludgeoner, a journeyman GrFi of Okawaru (Spider:2)
  4 emperor scorpions
  2 war gargoyles (Vaults:3)
  8 spriggan defenders
  The ghost of CowFu the Severer, a journeyman MiBe of Trog (D:15)
  23 ironbound preservers
  38 very ugly things
  6 deep elf elementalists
  16 stone giants
  3 deep elf demonologists (Elf:3)
  A juggernaut skeleton (D:15)
  5 vampire knights (Depths:3)
  A green draconian (Depths:5)
  5 entropy weavers
  2 black draconians (Depths:5)
  7 bunyips
  9 deep elf annihilators
  A red draconian (Depths:5)
  3 white draconians (Depths:5)
  Azrael (D:14)
  A purple draconian (Depths:5)
  2 merfolk javelineers (Depths:4)
  10 spark wasps
  A blizzard demon (Swamp:4)
  A green death (Swamp:4)
  Snorg (D:11)
  9 ettins
  4 eleionomae
  2 jiangshi (Depths:2)
  8 deep elf death magi
  11 great orbs of eyes
  The ghost of Persephone the Cleaver, a journeyman MiBe of Trog (Orc:1)
  10 deep elf high priests
  4 ice dragons
  2 rakshasas
  Fannar (D:11)
  A hell beast (Depths:5)
  14 yaktaur captains
  5 fire dragons
  2 peacekeepers (Vaults:3)
  13 ironbound thunderhulks
  29 vault guards
  3 spriggan air magi
  A salamander tyrant (Depths:5)
  The ghost of muata the Magician, a journeyman HuCj of Yredelemnul (D:9)
  3 boulder beetles
  10 ironbound frosthearts
  7 ogre magi
  A catoblepas (Lair:5)
  Erica (D:11)
  2 ghost crabs
  12 centaur warriors
  17 hydras
  A hell hog (Depths:5)
  20 dancing weapons
  10 alligators
  8 tengu warriors
  10 deep troll shamans
  8 two-headed ogres
  7 deep troll earth magi
  8 spriggan berserkers
  A shock serpent (shapeshifter) (Vaults:5)
  5 vampire magi
  5 death yaks
  5 orc high priests
  3 soul eaters
  21 spriggans
  Sonja (Orc:1)
  4 ironbound beastmasters
  2 sun demons
  5 hell knights
  Nergalle (D:11)
  7 iron trolls
  13 deep elf knights
  12 skeletal warriors
  2 sixfirhies (Swamp:4)
  2 shadow wraiths
  A glowing orange brain (Vaults:3)
  5 goliath frogs
  A sea snake (shapeshifter) (Vaults:3)
  2 death drakes
  6 bog bodies
  5 spriggan druids
  2 swamp dragons (Swamp:3)
  2 salamander mystics (Depths:5)
  3 flayed ghosts
  2 torturous demonspawn (Orc:2)
  A gelid demonspawn (Orc:2)
  20 ironbound convokers
  14 wizards
  76 deep trolls
  11 harpies
  16 deep elf archers
  17 orc knights
  8 lindwurms
  3 phantasmal warriors
  9 necromancers
  35 deep elf pyromancers
  21 deep elf zephyrmancers
  17 orb spiders
  A fire giant zombie (Depths:3)
  4 salamanders (Depths:5)
  A stone giant zombie (D:15)
  13 orc sorcerers
  A manticore (D:15)
  2 shining eyes (shapeshifter)
  52 ugly things
  27 wolf spiders
  2 will-o-the-wisps
  A human zombie (Vaults:3)
  3 oklob plants
  7 elephants
  2 frost giant zombies (Depths:3)
  7 moths of wrath
  Maurice (D:8)
  7 cyclopes
  21 vault sentinels
  7 black mambas
  A guardian serpent (D:14)
  2 spriggan zombies (Depths:3)
  A smoke demon (Depths:5)
  2 orange demons
  A gargoyle (D:14)
  4 unseen horrors (Depths:2)
  19 cane toads
  A kobold demonologist (D:10)
  2 torpor snails
  Psyche (D:8)
  18 yaktaurs
  2 rime drakes (Lair:5)
  13 komodo dragons
  12 demonic crawlers
  2 freezing wraiths (D:14)
  6 tengu conjurers
  An efreet (D:14)
  An ice devil (Orc:2)
  A yaktaur (shapeshifter) (D:14)
  A troll (Elf:3)
  2 hellwings (Swamp:4)
  A red devil (Orc:2)
  2 spriggan skeletons (D:15)
  30 jumping spiders
  22 hornets
  3 meliai
  25 slime creatures
  A bloated husk (Swamp:4)
  3 polar bears
  12 tyrant leeches
  6 dream sheep
  20 blink frogs
  An ettin zombie (Vaults:3)
  5 air elementals
  A spriggan (shapeshifter) (Elf:2)
  Sigmund (D:2)
  43 tarantellas
  3 wyverns
  2 vampires
  42 redbacks
  9 water elementals
  2 shadows
  A ynoxinul (Orc:2)
  24 humans
  2 wraiths
  57 yaks
  5 fire elementals
  4 basilisks
  3 chaos spawn
  A golden eye (shapeshifter) (Depths:3)
  3 neqoxecs (D:9)
  8 large abominations (Depths:2)
  17 vampire mosquitoes
  A steam dragon (D:7)
  3 small abominations (Depths:2)
  11 swamp worms
  An acid dragon (D:8)
  8 wargs
  22 water moccasins
  3 hell hounds (D:14)
  2 swamp drakes (Swamp:1)
  37 orc warriors
  5 sky beasts
  2 boggarts (Vaults:2)
  A black bear (Lair:1)
  9 necrophages
  6 wolves (Lair:2)
  12 ogres
  10 centaurs
  3 phantoms (D:5)
  4 kobold brigands (D:10)
  21 bullfrogs
  A scorpion (D:5)
  2 gnoll sergeants (D:7)
  2 earth elementals
  2 water moccasin skeletons
  12 killer bees
  5 electric eels
  2 howler monkeys
  13 wights
  A bullfrog zombie (D:6)
  2 centaur zombies
  3 quasits (D:9)
  2 jellies
  23 orc priests
  A centaur skeleton (D:5)
  2 iguanas
  18 orc wizards
  A hound skeleton (D:4)
  A howler monkey zombie (D:9)
  13 gnolls
  6 adders
  A shadow imp (D:8)
  A white imp (D:8)
  An ufetubus (D:6)
  2 worms
  A dart slug (D:2)
  81 orcs
  3 bats
  6 endoplasms
  2 giant cockroaches
  5 goblins
  11 hobgoblins
  10 jackals
  5 kobolds
  6 ball pythons
  3 frilled lizards
  A goblin zombie (D:4)
  6 rats
  A rat zombie (D:4)
  2 briar patches (Swamp:1)
1930 creatures vanquished.

Vanquished Creatures (others)
  Nessos (D:14)
  A deep elf knight (Elf:2)
  A deep elf archer (Elf:3)
  A deep elf zephyrmancer (Elf:1)
  3 bloated husks
  5 humans (Lair:5)
  2 vampire mosquitoes (Swamp:4)
  A warg (Vaults:5)
  A boggart (Vaults:2)
  2 orc wizards
  An orc (D:5)
  A briar patch (Swamp:1)
  4 foxfires (Swamp:3)
  60 fungi
  109 plants
193 creatures vanquished.

Grand Total: 2123 creatures vanquished

Table legend:
 A = Non-vault XP
 B = Vault XP
 C = Vault XP percentage of total XP
 D = Non-vault monster count
 E = Vault monster count
 F = Vault count percentage of total count
                 A         B        C        D         E       F
            +---------+---------+-------+---------+---------+-------
      Total |  618667 |  621383 |  50.1 |    1195 |     739 |  38.2
            +---------+---------+-------+---------+---------+-------
        D:1 |      28 |       0 |   0.0 |      16 |       0 |   0.0
        D:2 |      37 |     223 |  85.8 |      19 |       1 |   5.0
        D:3 |     159 |       0 |   0.0 |      13 |       0 |   0.0
        D:4 |    1012 |       6 |   0.6 |      35 |       4 |  10.3
        D:5 |    1042 |       0 |   0.0 |      18 |       0 |   0.0
        D:6 |    1043 |     368 |  26.1 |      13 |       7 |  35.0
        D:7 |    1979 |    1152 |  36.8 |      34 |       6 |  15.0
        D:8 |    1295 |     890 |  40.7 |      13 |       2 |  13.3
        D:9 |     687 |    2198 |  76.2 |      18 |      12 |  40.0
       D:10 |    3369 |     284 |   7.8 |      22 |       6 |  21.4
       D:11 |    3814 |    4371 |  53.4 |      18 |       5 |  21.7
       D:12 |    7190 |       0 |   0.0 |      17 |       0 |   0.0
       D:13 |    1724 |       0 |   0.0 |       3 |       0 |   0.0
       D:14 |   10842 |   11876 |  52.3 |      26 |      34 |  56.7
       D:15 |   13121 |   12077 |  47.9 |      20 |      21 |  51.2
     Lair:1 |    3428 |       0 |   0.0 |      16 |       0 |   0.0
     Lair:2 |    5615 |    3300 |  37.0 |      23 |      11 |  32.4
     Lair:3 |    5004 |    5747 |  53.5 |      24 |       5 |  17.2
     Lair:4 |    6559 |    3442 |  34.4 |      26 |       7 |  21.2
     Lair:5 |    6632 |   10075 |  60.3 |      22 |      17 |  43.6
     Lair:6 |    6782 |    9326 |  57.9 |      25 |      36 |  59.0
    Swamp:1 |   13887 |       0 |   0.0 |      20 |       0 |   0.0
    Swamp:2 |   11077 |       0 |   0.0 |      19 |       0 |   0.0
    Swamp:3 |   17753 |    1377 |   7.2 |      32 |       2 |   5.9
    Swamp:4 |   16105 |   30289 |  65.3 |      23 |      31 |  57.4
   Spider:1 |   14075 |       0 |   0.0 |      39 |       0 |   0.0
   Spider:2 |   18972 |    3086 |  14.0 |      56 |       2 |   3.4
   Spider:3 |   10443 |       0 |   0.0 |      23 |       0 |   0.0
   Spider:4 |   14947 |   25136 |  62.7 |      35 |      42 |  54.5
      Orc:1 |     864 |    3491 |  80.2 |      14 |      10 |  41.7
      Orc:2 |    1485 |   20649 |  93.3 |      25 |      76 |  75.2
      Elf:1 |   22463 |   12776 |  36.3 |      33 |      16 |  32.7
      Elf:2 |   13767 |    6679 |  32.7 |      22 |       7 |  24.1
      Elf:3 |   29646 |   47202 |  61.4 |      52 |      32 |  38.1
   Vaults:1 |   37627 |   27976 |  42.6 |      46 |      35 |  43.2
   Vaults:2 |   15749 |   28990 |  64.8 |      23 |      31 |  57.4
   Vaults:3 |   38688 |   47901 |  55.3 |      51 |      52 |  50.5
   Vaults:4 |   41882 |   68987 |  62.2 |      52 |      56 |  51.9
   Vaults:5 |    8536 |   82321 |  90.6 |      10 |      64 |  86.5
   Depths:1 |   28119 |    2078 |   6.9 |      31 |       1 |   3.1
   Depths:2 |   56323 |   40425 |  41.8 |      63 |      30 |  32.3
   Depths:3 |   16652 |   68041 |  80.3 |      16 |      52 |  76.5
   Depths:4 |   36560 |    9955 |  21.4 |      43 |       5 |  10.4
   Depths:5 |   41351 |   28689 |  41.0 |      32 |      21 |  39.6
      Zot:1 |   30334 |       0 |   0.0 |      14 |       0 |   0.0
            +---------+---------+-------+---------+---------+-------

Illustrated notes

Table legend:
 A = Kills in this place as a percentage of kills in entire the game.
 B = Kills by you in this place as a percentage of kills by you in the entire game.
 C = Kills by friends in this place as a percentage of kills by friends in the entire game.
 D = Other kills in this place as a percentage of other kills in the entire game.
 E = Experience gained in this place as a percentage of experience gained in the entire game.
 F = Experience gained in this place divided by the number of levels of this place that you have seen.
                   A       B       C       D       E      F
               +-------+-------+-------+-------+-------+----------------------
         Total | 100.0 | 100.0 |   N/A | 100.0 | 100.0 | 26957.6
       Dungeon |  19.8 |  19.7 |   N/A |  50.0 |   6.5 | 5385.8
          Lair |  11.0 |  11.0 |   N/A |   0.0 |   5.3 | 10985.0
         Swamp |   6.6 |   6.5 |   N/A |  16.7 |   7.3 | 22622.0
   Spider Nest |  10.2 |  10.2 |   N/A |   0.0 |   7.0 | 21664.8
  Orcish Mines |   6.5 |   6.5 |   N/A |   0.0 |   2.1 | 13244.5
   Elven Halls |   8.4 |   8.3 |   N/A |  33.3 |  10.7 | 44177.7
        Vaults |  21.7 |  21.8 |   N/A |   0.0 |  32.1 | 79731.4
        Depths |  15.2 |  15.2 |   N/A |   0.0 |  26.5 | 65638.6
           Zot |   0.7 |   0.7 |   N/A |   0.0 |   2.4 | 30334.0
               +-------+-------+-------+-------+-------+----------------------

Table legend: (Time is in decaauts)
 A = Elapsed time spent in this place.
 B = Non-inter-level travel time spent in this place.
 C = Inter-level travel time spent in this place.
 D = Time resting spent in this place.
 E = Time spent auto-exploring this place.
 F = Levels seen in this place.
 G = Mean time per level.
                   A        B        C        D        E       F      G
               +--------+--------+--------+--------+--------+-----+--------+
         Total |  89209 |  78483 |  10726 |   6232 |  53084 |  46 | 1939.3 |
       Dungeon |  22883 |  18487 |   4396 |   1447 |  13511 |  15 | 1525.5 |
        Temple |    148 |    130 |     18 |      0 |    117 |   1 |  148.0 |
          Lair |  12172 |  10824 |   1348 |    139 |   9278 |   6 | 2028.7 |
         Swamp |   5617 |   5277 |    340 |    173 |   3745 |   4 | 1404.2 |
   Spider Nest |   8414 |   7793 |    621 |    816 |   3873 |   4 | 2103.5 |
  Orcish Mines |   3928 |   3390 |    538 |    447 |   2109 |   2 | 1964.0 |
   Elven Halls |   8288 |   7381 |    907 |    999 |   3269 |   3 | 2762.7 |
        Vaults |  15870 |  14437 |   1433 |   1135 |  10194 |   5 | 3174.0 |
        Depths |  11849 |  10727 |   1122 |   1075 |   6987 |   5 | 2369.8 |
           Zot |     37 |     37 |      0 |      0 |      0 |   1 |   37.0 |
               +--------+--------+--------+--------+--------+-----+--------+

Top non-repeatable levels by time:
Vaults:1: 4183 daAuts
Spider:4: 3414 daAuts
Vaults:4: 3292 daAuts
Vaults:3: 2999 daAuts
   Elf:3: 2919 daAuts
Depths:4: 2915 daAuts
    D:14: 2819 daAuts
   Elf:2: 2763 daAuts
   Orc:2: 2741 daAuts
Vaults:2: 2712 daAuts
Vaults:5: 2682 daAuts
   Elf:1: 2605 daAuts
    D:11: 2599 daAuts
Depths:2: 2462 daAuts
Depths:1: 2443 daAuts
